 Dungeon Crawl Stone Soup version 0.29.1-15-g9cfb28693d (webtiles) character file.

Game seed: 18110284895852620908

10794 Renzlar the Blocker (level 11, -2/89 HPs)
             Began as a Gnoll Fighter on Mar 15, 2023.
             Was an Elder of Cheibriados.
             Slain by Urug
             ... wielding a +2 eveningstar
              (4 damage)
             ... while petrified by a basilisk
             ... on level 1 of the Lair of Beasts.
             The game lasted 00:46:02 (11375 turns).

Renzlar the Blocker (Gnoll Fighter)                Turns: 11375, Time: 00:46:02

Health: -2/89      AC: 11    Str: 28    XL:     11   Next: 67%
Magic:  19/21      EV:  2    Int: 18    God:    Cheibriados [****..]
Gold:   397        SH:  0    Dex: 20    Spells: 12/23 levels left

rFire   . . .      SeeInvis +   a - +0 war axe (protect)
rCold   . . .      Faith    .   l - +0 buckler
rNeg    + + +      Spirit   .   k - +1 scale mail
rPois   ∞          Reflect  .   (no helmet)
rElec   .          Harm     .   m - +0 cloak
rCorr   .          Rampage  .   (no gloves)
Will    .....                   (no boots)
Stlth   ++........              p - amulet of regeneration
HPRegen 1.04/turn               f - +4 ring of evasion
MPRegen 0.17/turn               t - ring of see invisible

@: petrified, very slow
A: fangs 1, strong nose, distributed training
a: Renounce Religion, Bend Time, Temporal Distortion, Slouch


You were on level 1 of the Lair of Beasts.
You worshipped Cheibriados.
Cheibriados was greatly pleased with you.
You visited 3 branches of the dungeon, and saw 12 of its levels.

You collected 592 gold pieces.
You spent 195 gold pieces at shops.

Inventory:

Hand Weapons
 a - a +0 war axe of protection (weapon)
 b - a +1 broad axe
 c - a +0 sling
 d - a +4 trident of freezing
 n - a +5 dagger
 q - a +3 whip of pain
Missiles
 g - 21 poisoned darts (quivered)
Armour
 k - a +1 scale mail (worn)
 l - a +0 buckler (worn)
 m - a +0 cloak (worn)
Jewellery
 f - a +4 ring of evasion (left hand)
 p - an amulet of regeneration (around neck)
 t - a ring of see invisible (right hand)
 w - an amulet of magic regeneration
Wands
 h - a wand of mindburst (11)
 x - a wand of acid (7)
Scrolls
 e - 2 scrolls of fear
 o - 3 scrolls of summoning
 r - 2 scrolls of magic mapping
 y - a scroll of blinking
 z - a scroll of amnesia
 C - a scroll of fog
Potions
 i - a potion of flight
 j - 7 potions of curing
 s - 2 potions of berserk rage
 u - 4 potions of magic
 A - a potion of might
 B - 2 potions of heal wounds


   Skills:
 + Level 9.5 Fighting
 + Level 6.7 Short Blades
 + Level 6.7 Long Blades
 + Level 8.2 Axes
 + Level 6.7 Maces & Flails
 + Level 6.7 Polearms
 + Level 6.7 Staves
 + Level 6.7 Ranged Weapons
 + Level 6.7 Throwing
 + Level 9.5 Armour
 + Level 6.7 Dodging
 + Level 6.7 Stealth
 + Level 9.5 Shields
 + Level 6.7 Unarmed Combat
 + Level 6.7 Spellcasting
 + Level 5.6 Conjurations
 + Level 5.6 Hexes
 + Level 5.6 Summonings
 + Level 5.6 Necromancy
 + Level 5.6 Translocations
 + Level 5.6 Transmutations
 + Level 5.6 Fire Magic
 + Level 5.6 Ice Magic
 + Level 5.6 Air Magic
 + Level 5.6 Earth Magic
 + Level 5.6 Poison Magic
 + Level 7.4 Invocations
 + Level 6.7 Evocations


You had 12 spell levels left.
You knew the following spells:

 Your Spells              Type           Power      Damage    Failure   Level
a - Tukima's Dance        Hex            26%        N/A       8%          3
b - Summon Lightning Spi  Summ/Air       26%        N/A       26%         4
c - Sticky Flame          Conj/Fire      26%        2d5       26%         4

Your spell library contained the following spells:

 Spells                   Type           Power      Damage    Failure   Level
 Magic Dart               Conj           100%       1d8       2%          1
 Necrotise                Necr           100%       1d9       2%          1
 Sandblast                Erth           52%        2d12      2%          1
 Blink                    Tloc           52%        N/A       4%          2
 Passwall                 Tmut/Erth      21%        N/A       4%          2
 Searing Ray              Conj           52%        2d6       4%          2
 Static Discharge         Conj/Air       26%        3-7/arc   4%          2
 Lesser Beckoning         Tloc           26%        N/A       8%          3
 Mephitic Cloud           Conj/Pois/Air  26%        N/A       8%          3
 Portal Projectile        Hex/Tloc       52%        N/A       8%          3
 Stone Arrow              Conj/Erth      52%        3d10      8%          3
 Vampiric Draining        Necr           26%        2d7       8%          3
 Airstrike                Air            13%        2d(2-18)  26%         4
 Dispel Undead            Necr           26%        3d13      26%         4
 Fulminant Prism          Conj/Hex       13%        3d9       26%         4
 Agony                    Necr           26%        N/A       58%         5
 Alistair's Intoxication  Tmut/Pois      17%        N/A       58%         5
 Blade Hands              Tmut           13%        N/A       58%         5
 Lightning Bolt           Conj/Air       13%        1d26      58%         5
 Manifold Assault         Tloc           26%        N/A       58%         5
 Enfeeble                 Hex            13%        N/A       100%        7


Dungeon Overview and Level Annotations

Branches:
Dungeon (10/15)            Temple (1/1) D:5            Lair (1/5) D:10
    Orc: D:9-12

Altars:
Ashenzari
Cheibriados
Dithmenos
Elyvilon
Fedhas
Gozag
Hepliaklqana
Kikubaaqudgha
Makhleb
Nemelex Xobeh
Okawaru
Qazlal
Ru
Sif Muna
Trog
Uskayaw
Vehumet
Wu Jian
Xom
Yredelemnul
Zin
The Shining One

Shops:
D:9 =

Annotations:
Lair:1 Urug


Innate Abilities, Weirdness & Mutations

You have very sharp teeth.
Your uncanny sense of smell can sniff out nearby items.
Your experience applies equally to all skills.


Message History

Urug zaps a wand.
The mass of ice explodes!
The iceblast engulfs you.
You hear an angry hiss.
Urug zaps a wand.
The mass of ice explodes!
The iceblast engulfs you!
You hear an angry hiss.
You barely miss Urug. Your bite misses Urug.
Urug is moderately wounded.
A basilisk comes into view.
Urug completely misses you.
You hit Urug.
Your weapon exudes an aura of protection.
You bite Urug, but do no damage.
Urug is moderately wounded.
Urug hits you with a +2 eveningstar!!
Unknown command.
You slash Urug! You bite Urug, but do no damage.
Urug is heavily wounded.
Urug hits you with a +2 eveningstar. You block Urug's attack.
Unknown command.
You hit Urug but do no damage. You bite Urug, but do no damage.
Urug is heavily wounded.
The basilisk gazes at you.
You are slowing down.
Urug misses you.
Unknown command.
You barely miss Urug. You bite Urug, but do no damage.
Urug is heavily wounded.
Urug hits you with a +2 eveningstar!
Your limbs are stiffening.
Unknown command.
You barely miss Urug.
Urug is heavily wounded.
Urug hits you with a +2 eveningstar! x2; You have turned to stone.
The basilisk completely misses you. Urug hits you with a +2 eveningstar!!
* * * LOW HITPOINT WARNING * * *
The basilisk barely misses you. Urug hits you with a +2 eveningstar!!
* * * LOW HITPOINT WARNING * * *
The basilisk bites you!
* * * LOW HITPOINT WARNING * * *
Urug completely misses you. Urug hits you with a +2 eveningstar!
You die...

# #.......(..# #.
#...........## #.##
##..:......P..# #...
#.............. #..##
##.(............
####..###..†(...........
.......###....$.........
............)...l..(....
.......†#..#....@o....#
........#...+......?.##
.......######......###
.###.### ##+.#### #...#
.P# ##P.# #.##
#####.+### #. .........#
#. .........#


You could see Urug and a basilisk.

Vanquished Creatures
  A boulder beetle (D:9)
  A two-headed ogre (D:10)
  Pikel (D:8)
  A cyclops (D:10)
  Maggie (D:6)
  A cane toad (Lair:1)
  A queen bee (D:9)
  A troll (D:10)
  Prince Ribbit (D:6)
  Grinder (D:4)
  Sigmund (D:3)
  A shadow (D:6)
  9 yaks
  A wyvern (D:9)
  Eustachio (D:4)
  2 steam dragons
  Edmund (D:4)
  An acid dragon (D:9)
  4 water moccasins
  An ice beast (D:6)
  2 orc warriors
  A sky beast (D:7)
  2 black bears
  2 ogres
  3 centaurs
  2 lemures (D:8)
  A phantom (D:5)
  3 bullfrogs
  10 scorpions
  A necrophage (D:7)
  5 wights
  31 killer bees
  6 howler monkeys
  A crimson imp (D:8)
  5 hounds
  3 jellies
  2 orc priests
  Crazy Yiuf (D:4)
  An iguana (D:6)
  11 orc wizards
  4 gnolls
  15 adders
  2 white imps (D:6)
  2 ufetubi
  A worm (D:3)
  2 dart slugs
  36 orcs
  2 ball pythons (D:2)
  8 endoplasms
  2 giant cockroaches (D:1)
  3 hobgoblins
  2 jackals (D:3)
  11 kobolds
  5 quokkas
  10 bats
  4 frilled lizards
  5 goblins
  5 rats
244 creatures vanquished.

Vanquished Creatures (collateral kills)
  A dart slug (D:4)
  A ball python (D:4)
2 creatures vanquished.

Vanquished Creatures (others)
  14 fungi
  A plant (Lair:1)
15 creatures vanquished.

Grand Total: 261 creatures vanquished

Notes
Turn   | Place    | Note
-------+----------+-------------------------------------------
     0 | D:1      | Renzlar the Gnoll Fighter began the quest for the Orb.
     0 | D:1      | Reached XP level 1. HP: 23/23 MP: 1/1
   135 | D:1      | Reached XP level 2. HP: 26/29 MP: 2/2
   371 | D:1      | Reached XP level 3. HP: 31/35 MP: 2/4
   419 | D:1      | Reached skill level 1 in Invocations
   991 | D:2      | Reached skill level 1 in Short Blades
   991 | D:2      | Reached skill level 1 in Long Blades
   991 | D:2      | Reached skill level 1 in Maces & Flails
   991 | D:2      | Reached skill level 1 in Polearms
   991 | D:2      | Reached skill level 1 in Staves
   991 | D:2      | Reached skill level 1 in Ranged Weapons
   991 | D:2      | Reached skill level 1 in Throwing
   991 | D:2      | Reached skill level 1 in Dodging
   991 | D:2      | Reached skill level 1 in Stealth
   991 | D:2      | Reached skill level 1 in Unarmed Combat
   991 | D:2      | Reached skill level 1 in Spellcasting
   991 | D:2      | Reached skill level 1 in Evocations
  1013 | D:2      | Got the Handbook of Toxic Jinxing
  1065 | D:2      | Reached XP level 4. HP: 41/41 MP: 5/5
  1253 | D:2      | Reached skill level 1 in Conjurations
  1253 | D:2      | Reached skill level 1 in Hexes
  1253 | D:2      | Reached skill level 1 in Summonings
  1253 | D:2      | Reached skill level 1 in Necromancy
  1253 | D:2      | Reached skill level 1 in Translocations
  1253 | D:2      | Reached skill level 1 in Transmutations
  1253 | D:2      | Reached skill level 1 in Fire Magic
  1253 | D:2      | Reached skill level 1 in Ice Magic
  1253 | D:2      | Reached skill level 1 in Air Magic
  1253 | D:2      | Reached skill level 1 in Earth Magic
  1253 | D:2      | Reached skill level 1 in Poison Magic
  1813 | D:3      | Reached XP level 5. HP: 28/47 MP: 5/7
  2669 | D:3      | Noticed Sigmund
  2707 | D:3      | Killed Sigmund
  2708 | D:3      | Reached skill level 5 in Axes
  2708 | D:3      | Reached XP level 6. HP: 6/53 MP: 7/9
  3029 | D:3      | Found a faded altar of an unknown god.
  3387 | D:4      | Noticed Eustachio
  3396 | D:4      | Killed Eustachio
  3397 | D:4      | Reached XP level 7. HP: 60/60 MP: 10/10
  3425 | D:4      | Noticed Grinder
  3435 | D:4      | Paralysed by Grinder for 4 turns
  3448 | D:4      | Paralysed by Grinder for 2 turns
  3451 | D:4      | Killed Grinder
  3452 | D:4      | Reached XP level 8. HP: 10/67 MP: 12/12
  3759 | D:4      | Found a broken altar of Ashenzari.
  3896 | D:4      | Noticed Edmund
  3914 | D:4      | Killed Edmund
  4471 | D:4      | Found a runed translucent door.
  4472 | D:4      | Noticed Crazy Yiuf
  4482 | D:4      | Killed Crazy Yiuf
  4653 | D:5      | Entered Level 5 of the Dungeon
  4656 | D:5      | Found a staircase to the Ecumenical Temple.
  4665 | Temple   | Entered the Ecumenical Temple
  4881 | Temple   | Became a worshipper of Cheibriados the Contemplative
  5391 | D:5      | Reached * piety under Cheibriados
  5414 | D:5      | Reached XP level 9. HP: 55/73 MP: 14/14
  5578 | D:6      | Noticed Prince Ribbit
  5593 | D:6      | Killed Prince Ribbit
  5788 | D:6      | Noticed Maggie
  5817 | D:6      | Killed Maggie
  6292 | D:6      | Reached skill level 5 in Invocations
  6301 | D:6      | Reached ** piety under Cheibriados
  7446 | D:7      | Reached skill level 5 in Short Blades
  7446 | D:7      | Reached skill level 5 in Long Blades
  7446 | D:7      | Reached skill level 5 in Maces & Flails
  7446 | D:7      | Reached skill level 5 in Polearms
  7446 | D:7      | Reached skill level 5 in Staves
  7446 | D:7      | Reached skill level 5 in Ranged Weapons
  7446 | D:7      | Reached skill level 5 in Throwing
  7446 | D:7      | Reached skill level 5 in Dodging
  7446 | D:7      | Reached skill level 5 in Stealth
  7446 | D:7      | Reached skill level 5 in Unarmed Combat
  7446 | D:7      | Reached skill level 5 in Spellcasting
  7446 | D:7      | Reached skill level 5 in Evocations
  7446 | D:7      | Reached XP level 10. HP: 81/81 MP: 17/17
  7844 | D:7      | Learned a level 3 spell: Tukima's Dance
  8310 | D:8      | Reached *** piety under Cheibriados
  8452 | D:8      | Found a burning altar of Makhleb.
  8452 | D:8      | Noticed Pikel
  8485 | D:8      | Killed Pikel
  9216 | D:9      | Noticed a boulder beetle
  9234 | D:9      | Killed a boulder beetle
  9235 | D:9      | Reached skill level 5 in Conjurations
  9235 | D:9      | Reached skill level 5 in Hexes
  9235 | D:9      | Reached skill level 5 in Summonings
  9235 | D:9      | Reached skill level 5 in Necromancy
  9235 | D:9      | Reached skill level 5 in Translocations
  9235 | D:9      | Reached skill level 5 in Transmutations
  9235 | D:9      | Reached skill level 5 in Fire Magic
  9235 | D:9      | Reached skill level 5 in Ice Magic
  9235 | D:9      | Reached skill level 5 in Air Magic
  9235 | D:9      | Reached skill level 5 in Earth Magic
  9235 | D:9      | Reached skill level 5 in Poison Magic
  9235 | D:9      | Reached XP level 11. HP: 69/89 MP: 17/20
  9346 | D:9      | Reached **** piety under Cheibriados
  9462 | D:9      | Learned a level 4 spell: Summon Lightning Spire
  9469 | D:9      | Found a hide-covered altar of Uskayaw.
  9469 | D:9      | Noticed a +0 dagger
  9469 | D:9      | Noticed a +0 dagger
  9500 | D:9      | Found Gelemud's Jewellery Shoppe.
  9505 | D:9      | Bought a ring of see invisible for 195 gold pieces
  9571 | D:9      | Learned a level 4 spell: Sticky Flame
 10010 | D:10     | Entered Level 10 of the Dungeon
 10035 | D:10     | Found a staircase to the Lair.
 10222 | D:10     | Found a shimmering altar of Xom.
 10348 | D:10     | Noticed a cyclops
 10356 | D:10     | Killed a cyclops
 10641 | D:10     | Noticed a two-headed ogre
 10654 | D:10     | Killed a two-headed ogre
 10752 | D:10     | Found an ornate altar of the Wu Jian Council.
 10758 | D:10     | Found a bloodstained altar of Trog.
 10759 | D:10     | Found a shimmering blue altar of Sif Muna.
 10761 | D:10     | Found a glowing silver altar of Zin.
 10761 | D:10     | Found a white marble altar of Elyvilon.
 10762 | D:10     | Found an iron altar of Okawaru.
 10768 | D:10     | Found a blossoming altar of Fedhas.
 11092 | Lair:1   | Entered Level 1 of the Lair of Beasts
 11359 | Lair:1   | Noticed Urug
 11374 | Lair:1   | HP: 1/89 [basilisk (5)]
 11375 | Lair:1   | Slain by Urug

Illustrated notes

Levels and vault maps discovered:
D:1:      scummos_arrival_simple_crosswalls, layout_rooms,
          minmay_misc_feat_rows, st_stairs_12, minmay_misc_feat_five,
          minmay_pentomino_w2
D:2:      layout_basic
D:3:      layout_basic, shapermc_ecumenical_altar_pompeii,
          minmay_misc_feat_encased, uniq_sigmund
D:4:      layout_loops_ring, lemuel_crystal_altar, grunt_ministairs_11,
          palyth_stone_intersect, minmay_bisected, uniq_grinder, uniq_eustachio,
          uniq_edmund, uniq_crazy_yiuf_cottage
D:5:      layout_rooms, minmay_temple_entry_sparse_star
D:6:      layout_basic, hangedman_decor_clover_reticule,
          hangedman_decor_peaks_small, grunt_decor_cap, uniq_maggie,
          uniq_prince_ribbit1
D:7:      layout_basic
D:8:      old_forge, layout_cave_pools, makhleb_grotto_becter,
          supply_closet_lemuel, nicolae_eternal_life, minmay_misc_feat_roman,
          uniq_pikel
D:9:      layout_roguey [special_room_bee], dancing_weapons_uskayaw,
          serial_shops, shop
D:10:     layout_stronghold, lemuel_doored_altar,
          nicolae_overflow_hallway_of_the_gods, lair_entry_dummy
Temple:   grunt_temple_mini_profane
Lair:1:   layout_roguey, lemuel_fruit_tree, uniq_urug

Skill      XL: |  1  2  3  4  5  6  7  8  9 10 11 |
---------------+----------------------------------+-----
Invocations    | 1 2 3 4 5 6 7 |  7.4
Short Blades   | 1 2 3 5 6 |  6.7
Long Blades    | 1 2 3 5 6 |  6.7
Maces & Flails | 1 2 3 5 6 |  6.7
Polearms       | 1 2 3 5 6 |  6.7
Staves         | 1 2 3 5 6 |  6.7
Ranged Weapons | 1 2 3 5 6 |  6.7
Throwing       | 1 2 3 5 6 |  6.7
Dodging        | 1 2 3 5 6 |  6.7
Stealth        | 1 2 3 5 6 |  6.7
Unarmed Combat | 1 2 3 5 6 |  6.7
Spellcasting   | 1 2 3 5 6 |  6.7
Evocations     | 1 2 3 5 6 |  6.7
Conjurations   | 1 2 3 4 5 |  5.6
Hexes          | 1 2 3 4 5 |  5.6
Summonings     | 1 2 3 4 5 |  5.6
Necromancy     | 1 2 3 4 5 |  5.6
Translocations | 1 2 3 4 5 |  5.6
Transmutations | 1 2 3 4 5 |  5.6
Fire Magic     | 1 2 3 4 5 |  5.6
Ice Magic      | 1 2 3 4 5 |  5.6
Air Magic      | 1 2 3 4 5 |  5.6
Earth Magic    | 1 2 3 4 5 |  5.6
Poison Magic   | 1 2 3 4 5 |  5.6
Axes           | 5 6 7 8 |  8.2
Fighting       | 7 8 9 |  9.5
Armour         | 7 8 9 |  9.5
Shields        | 7 8 9 |  9.5

Action                   |  1- 3 |  4- 6 |  7- 9 | 10-12 || total
-------------------------+-------+-------+-------+-------++-------
Melee: War axe           |    93 |   144 |   212 |    95 ||   544
       Bite              |    10 |    12 |    33 |    48 ||   103
       Whip              |       |       |    14 |       ||    14
       Broad axe         |       |       |    85 |    60 ||   145
       Trident           |       |       |       |   217 ||   217
 Fire: Sling             |       |     1 |    40 |    56 ||    97
Throw: Dart              |       |    10 |    10 |     7 ||    27
Invok: Bend Time         |       |       |     1 |     3 ||     4
       Slouch            |       |       |       |     2 ||     2
  Use: Scroll            |     6 |     6 |     4 |     8 ||    24
       Potion            |       |     1 |     3 |       ||     4
Armor: Scale mail        |    15 |    49 |   136 |    81 ||   281
       Chain mail        |    32 |       |       |       ||    32
Dodge: Dodged            |    25 |    72 |   261 |   271 ||   629
Block: Buckler           |    36 |    32 |    99 |   117 ||   284
